 Dungeon Crawl Stone Soup version 0.19-a0-45-g2c295ea (webtiles) character file.

166777 ololoev the Fencer (level 17, -6/171 HPs)
             Began as a Minotaur Fighter on May 5, 2016.
             Was the Champion of Okawaru.
             Splashed by a caustic shrike's acid (8 damage)
             ... on level 3 of the Depths.
             The game lasted 01:00:02 (22213 turns).

ololoev the Fencer (Minotaur Fighter)              Turns: 22213, Time: 01:00:03

Health: -6/171     AC: 41    Str: 40    XL:     17   Next: 30%
Magic:  23/24      EV: 18    Int:  3    God:    Okawaru [******]
Gold:   673        SH: 11    Dex: 13    Spells: 2 memorised, 20 levels left

rFire  + . .     SeeInvis .     a - +3 double sword (flame)
rCold  . . .     Gourm    .     t - +8 plate armour of Boqugg {Regen+ Str+7}
rNeg   + . .     Faith    +     R - +2 buckler {rF+}
rPois  .         Spirit   .     W - +1 hat "Cezxih" {rN+ Str+3 Stlth-}
rElec  +         Dismiss  .     q - +1 cloak
rCorr  .         Reflect  .     I - +2 pair of gloves {Str+3}
SustAt .         Harm     .     N - +2 pair of boots
MR     ++...     Rnd*Rage +     l - amulet of faith
Stlth  ..........               (no ring)
                                P - ring of protection from magic

@: heroism, finesse, very resistant to hostile enchantments, extremely
unstealthy
A: retaliatory headbutt, horns 2, large bone plates 1, agile 1, berserk 1,
blink, blurry vision 1, dopey 1, regeneration 1, robust 1, electricity
resistance, evolution 2
a: Blink, Heroism, Finesse, Renounce Religion


Innate Abilities, Weirdness & Mutations

You reflexively headbutt those who attack you in melee.
You have a pair of horns on your head.
You are partially covered in large bone plates (AC +2, SH +2).
You are agile. (Dex +2)
You tend to lose your temper in combat.
You can translocate small distances at will.
Scrolls take you a little longer to read.
You are dopey. (Int -2)
Your natural rate of healing is unusually fast.
You are robust (+10% HP).
You are resistant to electric shocks.
You rapidly evolve.

Inventory:

Hand Weapons
 a - a +3 double sword of flaming (weapon)
 Q - a +4 triple sword of holy wrath
Armour
 q - a +1 cloak (worn)
 t - the +8 plate armour of Boqugg (worn) {Regen+ Str+7}
   (Okawaru gifted it to you in a labyrinth)

   It affects your strength (+7).
   It increases your rate of regeneration.
 y - a +2 buckler of cold resistance
 I - a +2 pair of gloves of strength (worn)
 N - a +2 pair of boots (worn)
 R - a +2 buckler of fire resistance (worn)
 W - the +1 hat "Cezxih" (worn) {rN+ Str+3 Stlth-}
   (You found it on level 2 of the Depths)

   It affects your strength (+3).
   It protects you from negative energy.
   It makes you less stealthy.
Jewellery
 l - an amulet of faith (around neck)
 o - an uncursed amulet of regeneration
 P - a ring of protection from magic (left hand)
Wands
 F - a wand of disintegration (7/24)
 L - a wand of hasting (6/9)
 T - a wand of teleportation (4/9)
Scrolls
 h - 4 scrolls of remove curse
 i - 2 scrolls of blinking
 m - 3 scrolls of fear
 n - 3 scrolls of enchant armour
 p - 2 scrolls of enchant weapon
 v - 10 scrolls of teleportation
 w - 2 scrolls of magic mapping
 H - a scroll of immolation {unknown}
 K - a scroll of amnesia {unknown}
 M - a scroll of brand weapon {unknown}
 S - a scroll of recharging {unknown}
 V - a scroll of acquirement {unknown}
Potions
 b - a potion of beneficial mutation {unknown}
 c - 8 potions of curing
 d - 2 potions of haste
 e - 5 potions of cure mutation
 j - 2 potions of magic
 u - a potion of might
 z - a potion of agility {unknown}
 G - a potion of resistance
 J - 4 potions of flight {unknown}
 O - 4 potions of cancellation {unknown}
 U - a potion of invisibility {unknown}
Miscellaneous
 r - a fan of gales
Comestibles
 f - 9 bread rations
 g - 8 beef jerkies
 k - 7 meat rations
 x - 14 fruits
 A - 19 chunks of flesh
 E - 11 royal jellies


   Skills:
 + Level 15.0(20.0) Fighting
 * Level 20.1(25.1) Long Blades
 + Level 15.3(20.3) Armour
 + Level 11.3(16.3) Dodging
 - Level 7.1(12.1) Shields
 + Level 4.4 Spellcasting
 + Level 4.3 Charms
 + Level 4.9 Air Magic
 - Level 11.0 Invocations


You had 20 spell levels left.
You knew the following spells:

 Your Spells              Type           Power        Failure   Level  Hunger
a - Blink                 Tloc           N/A          99%         2    ###....
b - Repel Missiles        Chrm/Air       #.....       28%         2    ###....


You were on level 3 of the Depths.
You worshipped Okawaru.
Okawaru was exalted by your worship.
You were not hungry.

You visited 3 branches of the dungeon, and saw 19 of its levels.
You also visited: Labyrinth and Sewer.

You collected 1258 gold pieces.
You spent 585 gold pieces at shops.

###########
##.........####
##.....#.......###
##..@)............##
##..b#########[)....#
##....# ###....##
##.....########
##....#
##.....[).......
##...#
#......[./......
#...#
#...###.D........
##... #...
#....#####. #... #...
#...## .# #...

Notes
Turn   | Place    | Note
--------------------------------------------------------------
     0 | D:1      | ololoev the Minotaur Fighter began the quest for the Orb.
     0 | D:1      | Reached XP level 1. HP: 19/19 MP: 0/0
    75 | D:1      | Reached XP level 2. HP: 23/27 MP: 1/1
   238 | D:1      | Reached skill level 3 in Long Blades
   551 | D:2      | Reached XP level 3. HP: 30/33 MP: 2/2
   595 | D:2      | Found a snail-covered altar of Cheibriados.
   628 | D:2      | Noticed Jessica
   642 | D:2      | Killed Jessica
   789 | D:2      | Noticed Ijyb
   797 | D:2      | Killed Ijyb
   797 | D:2      | Reached skill level 4 in Long Blades
   797 | D:2      | Reached XP level 4. HP: 40/41 MP: 3/3
  1459 | D:2      | Reached XP level 5. HP: 47/47 MP: 4/4
  1630 | D:3      | Noticed a phantom
  1663 | D:3      | Killed a phantom
  1663 | D:3      | Reached skill level 5 in Fighting
  1663 | D:3      | Reached skill level 5 in Long Blades
  1663 | D:3      | Reached skill level 5 in Armour
  1922 | D:3      | Noticed namelastname112's ghost (amateur DrEE)
  1946 | D:3      | Killed namelastname112's ghost
  1946 | D:3      | Reached XP level 6. HP: 54/56 MP: 5/5
  2009 | D:4      | Reached skill level 6 in Long Blades
  2079 | D:4      | Found an oddly glowing altar of Pakellas.
  2111 | D:4      | Reached XP level 7. HP: 44/61 MP: 6/6
  2223 | D:4      | Found a shimmering altar of Xom.
  2428 | D:4      | Reached skill level 7 in Long Blades
  2596 | D:5      | Entered Level 5 of the Dungeon
  3326 | D:5      | Reached skill level 8 in Long Blades
  3429 | D:5      | Reached XP level 8. HP: 71/71 MP: 7/7
  3585 | D:6      | Found a sparkling altar of Nemelex Xobeh.
  4080 | D:6      | Found a glowing drain.
  4084 | Sewer    | Entered a sewer
  4139 | Sewer    | Reached skill level 9 in Long Blades
  4837 | D:6      | Found a blossoming altar of Fedhas.
  4903 | D:6      | Found a shattered altar of Ashenzari.
  5028 | D:7      | Reached skill level 10 in Long Blades
  5192 | D:7      | Reached XP level 9. HP: 67/81 MP: 8/8
  5218 | D:7      | Found a stormy altar of Qazlal.
  5267 | D:7      | Found a staircase to the Ecumenical Temple.
  5336 | Temple   | Entered the Ecumenical Temple
  5448 | Temple   | Became a worshipper of Warmaster Okawaru
  5511 | D:7      | Found a radiant altar of Vehumet.
  6096 | D:7      | Reached skill level 1 in Invocations
  6791 | D:8      | Reached * piety under Okawaru
  7292 | D:8      | Reached skill level 11 in Long Blades
  7343 | D:8      | Found a staircase to the Lair.
  7462 | D:8      | Learned a level 2 spell: Blink
  7465 | D:8      | Learned a level 2 spell: Repel Missiles
  7795 | D:9      | Noticed Erica
  7802 | D:9      | Killed Erica
  7802 | D:9      | Reached ** piety under Okawaru
  7802 | D:9      | Reached XP level 10. HP: 82/91 MP: 8/11
  7819 | D:9      | Found a glowing silver altar of Zin.
  7846 | D:9      | Reached *** piety under Okawaru
  7846 | D:9      | Reached skill level 12 in Long Blades
  7859 | D:9      | Found a staircase to the Orcish Mines.
  8024 | D:9      | Found a bloodstained altar of Trog.
  8351 | D:9      | Reached **** piety under Okawaru
  8449 | D:9      | Found an ancient bone altar of Kikubaaqudgha.
  8480 | D:9      | Reached skill level 10 in Fighting
  8853 | D:10     | Entered Level 10 of the Dungeon
  8886 | D:10     | Noticed a green ugly thing
  8898 | D:10     | Killed a green ugly thing
  8898 | D:10     | Reached skill level 13 in Long Blades
  8898 | D:10     | Reached skill level 10 in Armour
  8898 | D:10     | Reached skill level 5 in Invocations
  8899 | D:10     | Noticed Urug
  8903 | D:10     | Noticed Karasique's ghost (journeyman FoHu)
  8922 | D:9      | Received a gift from Okawaru
  9325 | D:10     | Reached XP level 11. HP: 101/101 MP: 13/13
  9389 | D:10     | Killed an unseen horror
  9389 | D:10     | Reached ***** piety under Okawaru
  9551 | D:10     | Killed a hill giant
  9684 | D:10     | Noticed a centaur warrior
  9693 | D:10     | Killed a centaur warrior
  9702 | D:10     | Killed Urug
  9839 | D:10     | Killed Karasique's ghost
 10099 | D:10     | Received a gift from Okawaru
 10799 | D:11     | Noticed a hill giant
 10805 | D:11     | Killed a hill giant
 10805 | D:11     | Reached skill level 14 in Long Blades
 10805 | D:11     | Reached skill level 1 in Dodging
 11269 | D:12     | jacquesderrida: Лалиев...
 11273 | D:12     | ololoev: ?
 11275 | D:12     | Noticed a hill giant
 11288 | D:12     | Killed a hill giant
 11392 | D:12     | Noticed a hill giant
 11399 | D:12     | Killed a hill giant
 11430 | D:12     | Found Xuiwisua's Weapon Shop.
 11438 | D:12     | Bought a +2 double sword of flaming for 585 gold pieces
 11441 | D:12     | jacquesderrida: Хай
 11448 | D:12     | jacquesderrida: Лалиев, что за ебатория?
 11463 | D:12     | Reached XP level 12. HP: 83/110 MP: 14/16
 11471 | D:12     | jacquesderrida: Почему у кланов уже очки есть?
 11475 | D:12     | ololoev: лолчто?
 11475 | D:12     | jacquesderrida: http://dobrazupa.org/tournament/0.18/teams.html
 11475 | D:12     | ololoev: походу тестируют
 11648 | D:12     | Reached skill level 5 in Dodging
 11768 | D:12     | epen: а в чём суть турнира?
 11770 | D:12     | ololoev: тупо табаешь и очки зарабатываешь
 11770 | D:12     | ololoev: можешь баннеры зарабатывать себе
 11896 | D:12     | Found a shadowy altar of Dithmenos.
 12115 | D:12     | epen: а у жака что за тима?
 12122 | D:13     | Noticed a tengu warrior
 12132 | D:13     | Killed a tengu warrior
 12132 | D:13     | Reached skill level 15 in Long Blades
 12195 | D:13     | Received a gift from Okawaru
 12416 | D:13     | Gained mutation: You can translocate small distances at will. [mutagenic meat]
 12417 | D:13     | Gained mutation: You are agile. (Dex +2) [mutagenic meat]
 12418 | D:13     | Gained mutation: Your muscles are strong. (Str +2) [mutagenic meat]
 12435 | D:13     | Reached skill level 5 in Shields
 12841 | D:14     | Noticed a four-headed hydra
 12848 | D:14     | Killed a two-headed hydra
 12851 | D:14     | Noticed a ghoul
 12869 | D:14     | Killed a ghoul
 12869 | D:14     | Received a gift from Okawaru
 13064 | D:14     | Found a gate to the Vaults.
 13073 | D:14     | Noticed Nessos
 13098 | D:14     | Killed Nessos
 13098 | D:14     | Reached XP level 13. HP: 83/118 MP: 17/17
 13277 | D:14     | Noticed a ghoul
 13285 | D:14     | Killed a ghoul
 13343 | D:14     | Received a gift from Okawaru
 13385 | D:14     | Reached ****** piety under Okawaru
 13394 | D:14     | Reached skill level 16 in Long Blades
 13407 | D:14     | Gained mutation: You tend to lose your temper in combat. [mutagenic meat]
 13408 | D:14     | Lost mutation: Your muscles are strong. (Str +2) [mutagenic meat]
 13409 | D:14     | Gained mutation: You evolve. [mutagenic meat]
 13410 | D:14     | Gained mutation: You are robust (+10% HP). [mutagenic meat]
 13853 | D:14     | Received a gift from Okawaru
 13854 | D:14     | Got a pair of jewelled boots {god gift}
 13865 | D:14     | Identified the +2 pair of boots of the Dozen Curses {*Confuse MP+9 Str+4} (Okawaru gifted it to you on level 14 of the Dungeon)
 14029 | D:14     | Noticed a ghoul
 14035 | D:14     | Killed a ghoul
 14036 | D:14     | Noticed a ghoul
 14067 | D:14     | Killed a ghoul
 14259 | D:14     | Gained mutation: You are partially covered in large bone plates (AC +2, SH +2). [evolution]
 14405 | D:14     | Found a shattered altar of Ashenzari.
 14618 | D:15     | Entered Level 15 of the Dungeon
 14692 | D:14     | Gained mutation: You are resistant to electric shocks. [mutagenic meat]
 14730 | D:15     | Noticed a fire giant
 14730 | D:15     | Noticed Azrael
 14730 | D:15     | Found a staircase to the Depths.
 14753 | D:15     | Killed Azrael
 14765 | D:15     | HP: 4/130 [fire giant/fireball (21)]
 15091 | D:14     | Killed a fire giant
 15116 | D:15     | Found a labyrinth entrance.
 15128 | Lab      | Entered a labyrinth
 15382 | Lab      | Noticed a minotaur
 15386 | Lab      | Killed a minotaur
 15386 | Lab      | Received a gift from Okawaru
 15387 | Lab      | Got a slimy plate armour {god gift}
 15398 | Lab      | Identified the +8 plate armour of Boqugg {Regen+ Str+7} (Okawaru gifted it to you in a labyrinth)
 15451 | D:15     | Reached skill level 17 in Long Blades
 15451 | D:15     | Reached XP level 14. HP: 139/139 MP: 19/19
 15718 | D:15     | Gained mutation: You are dopey. (Int -2) [mutagenic meat]
 15719 | D:15     | Gained mutation: You rapidly evolve. [mutagenic meat]
 16062 | D:15     | Noticed ololoev's ghost (journeyman HOFi)
 16072 | D:15     | Killed ololoev's ghost
 17241 | Depths:1 | Entered Level 1 of the Depths
 17332 | Depths:1 | Gained mutation: Your natural rate of healing is unusually fast. [evolution]
 17376 | Depths:1 | Noticed a tengu reaver
 17390 | Depths:1 | Killed a tengu reaver
 17708 | Depths:1 | Noticed a stone giant
 17717 | Depths:1 | Killed a stone giant
 17763 | Depths:1 | Received a gift from Okawaru
 17764 | Depths:1 | Noticed a stone giant
 17776 | Depths:1 | Noticed a stone giant
 17922 | Depths:1 | Reached skill level 18 in Long Blades
 17989 | Depths:1 | Noticed a stone giant
 18005 | Depths:1 | Killed a stone giant
 18155 | Depths:1 | Found Niykeq's Quality Used Wands.
 18177 | Depths:1 | Found a one-way gate to the infinite horrors of the Abyss.
 18193 | Depths:1 | Noticed a stone giant
 18203 | Depths:1 | Killed a stone giant
 18254 | Depths:1 | Reached skill level 1 in Spellcasting
 18397 | Depths:1 | Found a gateway to Hell.
 18397 | Depths:1 | Noticed a stone giant
 18399 | Depths:1 | Noticed a stone giant
 18406 | Depths:1 | Killed a stone giant
 18406 | Depths:1 | Reached skill level 1 in Air Magic
 18412 | Depths:1 | Killed a stone giant
 18445 | Depths:1 | Noticed a stone giant
 18454 | Depths:1 | Killed a stone giant
 18454 | Depths:1 | Reached skill level 1 in Charms
 18625 | Depths:2 | Reached XP level 15. HP: 138/150 MP: 18/21
 18816 | Depths:2 | Received a gift from Okawaru
 18894 | Depths:2 | Found a gateway to a ziggurat.
 19039 | Depths:2 | Reached skill level 10 in Invocations
 19183 | Depths:2 | Received a gift from Okawaru
 19428 | Depths:2 | Received a gift from Okawaru
 19544 | Depths:2 | Noticed a frost giant
 19568 | Depths:2 | Reached skill level 10 in Dodging
 20020 | Depths:2 | Gained mutation: Scrolls take you a little longer to read. [evolution]
 20193 | Depths:2 | Reached skill level 19 in Long Blades
 20455 | Depths:2 | Reached XP level 16. HP: 140/161 MP: 19/22
 20464 | Depths:2 | Noticed the Enchantress
 20478 | Depths:2 | Received a gift from Okawaru
 20518 | Depths:2 | Killed the Enchantress
 20545 | Depths:2 | Got a faerie dragon armour
 20596 | Depths:2 | Identified the +2 faerie dragon armour {MP+10 Int+5} (You took it off the Enchantress on level 2 of the Depths)
 20658 | Depths:2 | Got a smoking hat
 20669 | Depths:2 | Identified the +1 hat "Cezxih" {rN+ Str+3 Stlth-} (You found it on level 2 of the Depths)
 20767 | Depths:2 | Got a heavily runed copper amulet
 20769 | Depths:2 | wvc: огого
 20770 | Depths:2 | Identified the amulet "Huvvief" {Harm *Drain rC+} (You took it off a spriggan on level 2 of the Depths)
 20926 | Depths:2 | Found a bloodstained altar of Trog.
 21140 | Depths:3 | Noticed Norris
 21159 | Depths:3 | Killed Norris
 21164 | Depths:3 | Received a gift from Okawaru
 21190 | Depths:3 | Found a one-way gate leading to the halls of Pandemonium.
 21234 | Depths:3 | Found Qeocu's Armour Shop.
 21433 | Depths:3 | Noticed Sojobo
 21455 | Depths:3 | Killed Sojobo
 21569 | Depths:3 | Reached skill level 15 in Armour
 21580 | Depths:3 | Received a gift from Okawaru
 21970 | Depths:3 | Noticed a juggernaut
 21970 | Depths:3 | Noticed a sphinx
 21983 | Depths:3 | Killed a juggernaut
 21983 | Depths:3 | Received a gift from Okawaru
 21983 | Depths:3 | Reached XP level 17. HP: 146/169 MP: 16/24
 22045 | Depths:3 | Noticed a caustic shrike
 22118 | Depths:3 | Reached skill level 20 in Long Blades
 22147 | Depths:3 | Killed a caustic shrike
 22166 | Depths:3 | Noticed a juggernaut
 22182 | Depths:3 | Killed a juggernaut
 22182 | Depths:3 | Reached skill level 15 in Fighting
 22206 | Depths:3 | Noticed a caustic shrike
 22213 | Depths:3 | Noticed a quicksilver dragon
 22213 | Depths:3 | HP: 2/171 [caustic shrike (18)]
 22213 | Depths:3 | Splashed by a caustic shrike's acid

Dungeon Overview and Level Annotations

Branches:
Dungeon (15/15)            Temple (1/1) D:7            Lair (0/8) D:8
    Orc (0/2) D:9          Vaults (0/5) D:14         Depths (3/5) D:15

Altars:
Ashenzari
Cheibriados
Dithmenos
Elyvilon
Fedhas
Gozag
Kikubaaqudgha
Makhleb
Nemelex Xobeh
Okawaru
Pakellas
Qazlal
Ru
Sif Muna
Trog
Vehumet
Xom
Yredelemnul
Zin
The Shining One

Shops:
D:12 (   Depths:1 }   Depths:3 [

Portals:
Hell: Depths:1 Depths:2 Depths:3
Abyss: Depths:1
Pandemonium: Depths:3
Ziggurat: Depths:2


Message History

Things that are here:
a fire dragon hide; 7 chunks of flesh You feel sick.
You see here a caustic shrike corpse.
You butcher the caustic shrike corpse.
You see here a chunk of flesh.
The spriggan air mage mumbles some strange words.
The winds start to flow at the spriggan air mage's will.
The spriggan air mage casts a spell at you.
The bolt of lightning misses you.
Things that are here:
a fire dragon hide; 7 chunks of flesh You miss the spriggan air mage.
You feel sick.
You miss the spriggan air mage.
Your headbutt misses the spriggan air mage.
The spriggan air mage hits you.
You barely miss the spriggan air mage.
You completely miss the spriggan air mage.
You headbutt the spriggan air mage!
The spriggan air mage is moderately wounded.
You hit the spriggan air mage. You burn the spriggan air mage.
You headbutt the spriggan air mage, but do no damage.
The spriggan air mage is moderately wounded.
The spriggan air mage hits you but does no damage.
You miss the spriggan air mage.
Your headbutt misses the spriggan air mage.
The spriggan air mage is moderately wounded.
You closely miss the spriggan air mage.
Your headbutt misses the spriggan air mage.
The spriggan air mage is moderately wounded.
You miss the spriggan air mage.
Your headbutt misses the spriggan air mage.
The spriggan air mage is moderately wounded.
The spriggan air mage waves its arms in wide circles.
The air twists around and strikes you!
You slice the spriggan air mage!! You burn the spriggan air mage!
You headbutt the spriggan air mage, but do no damage.
The spriggan air mage is almost dead.
You slash the spriggan air mage! You burn the spriggan air mage.
You kill the spriggan air mage!
Okawaru accepts your kill.
The winds cease moving at the spriggan air mage's will.
You feel sick.
You see here a robe.
A - 18 chunks of flesh (gained 7)
You see here a fire dragon hide.
You feel sick.
You are no longer poisoned.
A - 19 chunks of flesh (gained 1)
A caustic shrike comes into view.
The caustic shrike screeches!
You slice the caustic shrike!! You burn the caustic shrike.
Your headbutt misses the caustic shrike.
The caustic shrike is moderately wounded.
The caustic shrike claws you!!
You are splashed with acid!
The acid burns!
You slice the caustic shrike like a ripe choko!!!
You burn the caustic shrike.
The caustic shrike is severely wounded.
The caustic shrike claws you!
You are splashed with acid!
The acid burns!
Drink which item? (? for menu, Esc to quit)
You feel much better. The caustic shrike claws you.
You are splashed with acid!
The acid burns!
The caustic shrike claws you!
You are splashed with acid!
The acid burns!
You slash the caustic shrike! You burn the caustic shrike.
Your headbutt misses the caustic shrike.
The caustic shrike is severely wounded.
Read which item? (? for menu, Esc to quit)
Really read with blurry vision while enemies are nearby? [Y]es or [N]o only, please.
Really read with blurry vision while enemies are nearby? [Y]es or [N]o only, please.
Really read with blurry vision while enemies are nearby? [Y]es or [N]o only, please.
Really read with blurry vision while enemies are nearby?
The caustic shrike misses you.
You begin reading the scroll.
You continue reading the scroll.
The caustic shrike misses you. You furiously retaliate!
You headbutt the caustic shrike. The caustic shrike claws you!!
You are splashed with acid!
The acid burns!
You die...

You could see a caustic shrike and a quicksilver dragon.

Vanquished Creatures
  2 juggernauts (Depths:3)
  Sojobo (Depths:3)
  Norris (Depths:3)
  A caustic shrike (Depths:3)
  the Enchantress (Depths:2)
  A sphinx (Depths:3)
  4 tengu reavers
  A fire giant (D:14)
  A frost giant (Depths:3)
  4 ghouls (D:14)
  The ghost of ololoev the Severer, a journeyman HOFi of the Shining One (D:15)
  A reaper (Depths:3)
  6 spriggan defenders
  6 caustic shrike skeletons (Depths:2)
  9 stone giants
  A deep elf demonologist (Depths:3)
  Nessos (D:14)
  Azrael (D:15)
  An ettin (Depths:2)
  A minotaur (Lab)
  A merfolk impaler (Depths:3)
  3 great orbs of eyes
  A yaktaur captain (Depths:3)
  5 fire dragons
  The ghost of Karasique the Fighter, a journeyman FoHu of Okawaru (D:10)
  2 entropy weavers
  A rakshasa (Depths:3)
  2 hydras
  5 spriggan air magi
  6 centaur warriors
  Erica (D:9)
  An anaconda (Depths:2)
  A satyr (shapeshifter) (Depths:1)
  2 dancing weapons (D:14)
  4 ogre magi
  4 death yaks (Depths:2)
  6 tengu warriors
  A deep troll shaman (Depths:2)
  5 spriggan berserkers (Depths:2)
  Urug (D:10)
  3 skeletal warriors (D:14)
  A sun demon (Depths:3)
  2 unseen horrors
  A flayed ghost (Depths:3)
  5 deep trolls (Depths:2)
  7 spriggan druids (Depths:2)
  A putrid demonspawn (Depths:3)
  3 orc knights (D:15)
  7 hill giants
  2 wolf spider zombies (D:14)
  2 wizards
  6 cyclopes
  21 ugly things
  3 manticores
  A gargoyle (D:14)
  A smoke demon (Depths:3)
  A rime drake (shapeshifter) (Depths:1)
  A kobold demonologist (D:12)
  10 yaktaurs (Depths:1)
  2 tengu conjurers (Depths:2)
  A harpy zombie (D:14)
  A red devil (Depths:3)
  8 trolls
  4 two-headed ogres
  A harpy skeleton (D:15)
  A hornet zombie (D:15)
  9 slime creatures
  A wolf spider simulacrum (D:15)
  5 redbacks
  3 vampires
  3 wyverns
  41 spriggans (Depths:2)
  A tarantella (Depths:2)
  A wraith (D:14)
  2 hungry ghosts (Lab)
  2 fire elementals (D:15)
  24 yaks
  A steam dragon (D:9)
  A basilisk (D:15)
  6 water elementals (Depths:3)
  A hippogriff (shapeshifter) (D:14)
  2 hippogriffs
  The ghost of namelastname112 the Digger, an amateur DrEE (D:3)
  2 vampire mosquitoes (D:15)
  A warg (D:9)
  A swamp worm (shapeshifter) (Depths:2)
  A hell hound (shapeshifter) (Depths:3)
  4 hell hounds (D:15)
  4 water moccasins
  2 sky beasts (D:9)
  6 ice beasts
  11 orc warriors
  4 eyes of draining
  A black bear (D:10)
  6 ogres
  4 phantoms
  12 wasps (Depths:2)
  18 boggarts
  11 centaurs
  8 big kobolds
  6 giant frogs
  A wyvern zombie (D:14)
  A wyvern skeleton (D:9)
  2 scorpions
  7 killer bees
  10 wights
  2 electric eels (D:13)
  A howler monkey (D:9)
  7 crimson imps
  2 giant frog zombies
  7 centaur zombies
  3 centaur skeletons
  6 hounds
  8 jellies
  11 orc priests
  13 orc wizards
  3 giant frog skeletons
  Jessica (D:2)
  5 iguanas
  Ijyb (D:2)
  10 worker ants
  7 sheep
  A hound zombie (D:7)
  A human simulacrum (D:10)
  A mummy (D:14)
  8 gnolls
  A worker ant zombie (D:11)
  14 adders
  2 river rats
  2 shadow imps (D:8)
  10 oozes
  5 worms
  3 dart slugs
  6 giant geckos
  50 orcs
  4 ball pythons
  21 bats
  5 giant cockroaches
  7 goblins
  2 hobgoblins
  8 jackals
  4 quokkas
  4 giant newts
  A jackal skeleton (D:6)
  22 kobolds
  18 rats
708 creatures vanquished.

Vanquished Creatures (collateral kills)
  2 wasps (Depths:2)
2 creatures vanquished.

Vanquished Creatures (others)
  A hill giant (D:10)
  A sky beast (D:10)
  A giant frog zombie (D:10)
  A human simulacrum (D:10)
  A fungus (D:8)
  4 plants (Depths:2)
  3 withered plants (D:14)
12 creatures vanquished.

Grand Total: 722 creatures vanquished

Action                   |  1- 3 |  4- 6 |  7- 9 | 10-12 | 13-15 | 16-18 || total
-------------------------+-------+-------+-------+-------+-------+-------++-------
Melee: Long sword        |    69 |   108 |   507 |       |       |       ||   684
       Headbutt          |     9 |    13 |    74 |   152 |   232 |    72 ||   552
       Scimitar          |       |       |       |   414 |       |       ||   414
       Double sword      |       |       |       |   177 |   799 |   328 ||  1304
       Punch             |       |       |       |     2 |       |       ||     2
 Cast: Repel Missiles    |       |       |       |       |       |     2 ||     2
Invok: Heroism           |       |       |     2 |    17 |    26 |    11 ||    56
       Finesse           |       |       |       |       |     2 |     6 ||     8
Evoke: Wand              |       |       |       |       |     3 |       ||     3
       Fan of gales      |       |       |       |       |     1 |       ||     1
  Use: Scroll            |       |     7 |     5 |     1 |    11 |       ||    24
       Potion            |       |     1 |       |       |     6 |     1 ||     8
 Stab: Distracted        |       |       |       |       |     1 |     1 ||     2
  Eat: Chunk             |       |     4 |    17 |    20 |    37 |     8 ||    86
       Royal jelly       |       |       |     1 |       |     2 |       ||     3
       Pizza             |       |       |       |       |     1 |       ||     1
Armor: Scale mail        |    54 |    70 |   126 |       |       |       ||   250
       Plate armour      |       |       |    73 |   356 |   369 |    95 ||   893
Dodge: Dodged            |    32 |    58 |   222 |   199 |   295 |    89 ||   895
       Deflected         |       |       |       |       |       |     3 ||     3
Block: Buckler           |       |       |       |    47 |   295 |    79 ||   421

Vault maps used:
D:1:      minmay_arrival_four_houses
D:2:      kennysheep_big_flooded_room, nicolae_overflow_hidden_temple,
          uniq_iyjb, uniq_jessica
D:4:      nicolae_overflow_crystal_walls, marbit_many_paths
D:5:      wad_pebble_path, first_bread
D:6:      kennysheep_mini_moat, nemelex_xobeh_ov_fountains_minmay,
          kennysheep_mini, gup_sewer_entry_bowl
D:7:      nicolae_qazlal_style_of_elements, kennysheep_little_box,
          minmay_temple_entry_poolview
D:8:      grunt_lair_entry_orc_guard_hut, hangedman_little_slice_of_home,
          item_on_display_a
D:9:      lemuel_crystal_altar, kiku_gazebo_pond_becter, trog_eyes_of_draining,
          david_orc_3, uniq_erica
D:10:     bh_circular_ruins, uniq_urug
D:12:     serial_shops, shop, basic_altar, grunt_decor_cap, minivault_20,
          minmay_misc_feat_cross
D:13:     hangedman_decor_lopped
D:14:     erik_vaults_1, serial_undead, serial_undead_c, serial_undead_f,
          serial_undead_d, serial_undead_b, ashenzari_altar_1, uniq_nessos
D:15:     grunt_enter_depths_giant_problem, minmay_crystal_water,
          lab_entry_generic, spider_trap, uniq_azrael
Temple:   jpeg_temple_clearing_9
Depths:1: hell_entry, hangedman_abyss_entry_splay,
          serial_sigils_hangedman_scratch, nicolae_for_you_no_charge
Depths:2: spriggan_forest, serial_shops, hell_entry
Depths:3: minmay_broken_ring, minmay_misc_feat_diagonals, pf_coc_iceberg,
          rand_demon_pan_entry_3, serial_shops, shop,
          hangedman_decor_peaks_small, infiniplex_staircase_pillars_3a,
          serial_bayou_shore_a, uniq_norris, uniq_sojobo
Lab:      nicolae_lab_big_swirl, nicolae_lab_starburst, nicolae_lab_swirl
Sewer:    sewer_co_tree
